 Dungeon Crawl Stone Soup version 0.20-a0-809-gaf7f668 (webtiles) character file.

52274 Eptagon the Severer (level 14, -10/141 HPs)
             Began as a Gargoyle Berserker on Mar 3, 2017.
             Was a High Priest of Trog.
             Killed from afar by an orc sorcerer (12 damage)
             ... with a bolt of fire
             ... on level 2 of the Orcish Mines.
             The game lasted 00:30:09 (16229 turns).

Eptagon the Severer (Gargoyle Berserker)           Turns: 16229, Time: 00:30:10

Health: -10/141    AC: 27    Str: 29    XL:     14   Next: 63%
Magic:  4/4        EV:  2    Int: 10    God:    Trog [*****.]
Gold:   1735       SH:  0    Dex:  9    Spells: 13/13 levels left

rFire    + . .     SeeInvis +   a - +3 battleaxe (antimagic)
rCold    . . .     Gourm    +   (armour currently unavailable)
rNeg     + + +     Faith    .   (shield currently unavailable)
rPois    ∞         Spirit   .   (helmet currently unavailable)
rElec    .         Reflect  .   (cloak currently unavailable)
rCorr    .         Harm     .   (gloves currently unavailable)
MR       +++..     NoTele   +   (boots currently unavailable)
Stlth    +.........             w - amulet of the gourmand
Regen    1.4/turn               K - ring of see invisible
MPRegen  0.1/turn               u - ring of protection from fire

@: mighty, tree-form, regenerating
A: (big wings), negative energy resistance 1, (electricity resistance),
(unbreathing), petrification resistance, rot immunity, AC +9
a: Berserk, Trog's Hand, Brothers in Arms, Burn Spellbooks, Renounce Religion


You were on level 2 of the Orcish Mines.
You worshipped Trog.
Trog was extremely pleased with you.
You were very full.
You were a tree.
You visited 3 branches of the dungeon, and saw 19 of its levels.

You collected 2196 gold pieces.
You spent 461 gold pieces at shops.

Inventory:

Hand Weapons
 a - a +3 antimagic battleaxe (weapon)
 B - a +2 antimagic battleaxe
 Z - a +2 antimagic battleaxe
Armour
 g - a +0 pair of gloves (melded)
 j - a +0 pair of boots (melded)
 D - a +0 plate armour (melded)
 J - a +2 cloak (melded)
Jewellery
 p - an uncursed ring of positive energy
 u - a ring of protection from fire (left branch)
 w - an amulet of the gourmand (around neck)
 H - an uncursed ring of ice
 K - a ring of see invisible (right branch)
Wands
 A - a wand of scattershot (5/9)
 C - a wand of lightning (7/15)
 O - a wand of scattershot (4/9)
 S - a wand of enslavement (14/24)
Scrolls
 k - 7 scrolls of teleportation
 n - 4 scrolls of enchant weapon
 o - 4 scrolls of magic mapping {unknown}
 q - 2 scrolls of random uselessness {unknown}
 r - 9 scrolls of remove curse
 s - 7 scrolls of fear {unknown}
 y - a scroll of noise {unknown}
 z - 5 scrolls of amnesia {unknown}
 F - 5 scrolls of enchant armour {unknown}
 G - 2 scrolls of acquirement {unknown}
 L - 3 scrolls of brand weapon {unknown}
 P - 3 scrolls of blinking {unknown}
 Q - a scroll of vulnerability {unknown}
 U - a scroll of summoning {unknown}
 V - 2 scrolls of immolation {unknown}
 W - a scroll of recharging {unknown}
 X - a scroll of identify
Potions
 b - 6 potions of heal wounds {unknown}
 e - 5 potions of brilliance {unknown}
 h - 7 potions of curing {unknown}
 i - 3 potions of lignification
 l - 4 potions of flight {unknown}
 m - 4 potions of degeneration {unknown}
 x - 2 potions of invisibility
 E - 2 potions of haste
 I - a potion of resistance
 M - 2 potions of cancellation
 R - a potion of agility
 T - a potion of mutation
Books
 d - a book of Geomancy

   Spells                             Type                      Level
   a - Sandblast                      Earth                        1
   b - Passwall                       Transmutation/Earth          2
   c - Stone Arrow                    Conjuration/Earth            3
   d - Petrify                        Transmutation/Earth          4
   e - Lee's Rapid Deconstruction     Earth                        5
   Trog disapproves of the use of such an item.
 Y - a book of Spatial Translocations

   Spells                             Type                      Level
   a - Blink                          Translocation                2
   b - Shroud of Golubria             Charms/Translocation         2
   c - Lesser Beckoning               Translocation                3
   d - Gell's Gravitas                Translocation                3
   e - Teleport Other                 Translocation                3
   f - Passage of Golubria            Translocation                4
   Trog disapproves of the use of such an item.
Comestibles
 c - 14 bread rations
 t - 33 fruits
 v - 11 meat rations
 N - 10 royal jellies


   Skills:
 + Level 13.6 Fighting
 * Level 15.9 Axes
 + Level 13.7 Armour
 - Level 1.5 Dodging


You had 13 spell levels left.
You didn't know any spells.

Dungeon Overview and Level Annotations

Branches:
Dungeon (11/15)            Temple (0/1) D:5            Lair (6/6) D:11
  Swamp (0/4) Lair:3       Spider (0/4) Lair:3        Slime (0/5) Lair:6
    Orc (2/2) D:10            Elf (0/3) Orc:2

Altars:
Cheibriados
Dithmenos
Fedhas
Gozag
Hepliaklqana
Makhleb
Nemelex Xobeh
Okawaru
Ru
Vehumet
Wu Jian
Yredelemnul
Zin
The Shining One
Beogh

Shops:
D:5 [   D:9 *

Annotations:
Orc:2 IsvaffelMax's ghost, journeyman OgSu


Innate Abilities, Weirdness & Mutations

You are resistant to torment.
((Your stone body is resilient. (AC +9)))
You are immune to poison.
((Your large and strong wings let you fly indefinitely.))
You resist negative energy. (rN+)
((You are resistant to electric shocks. (rElec)))
((You can survive without breathing.))
You are immune to petrification.
You are immune to rotting.


Message History

Things that are here:
a war axe; a ring mail; a tomahawk It was a potion of lignification.
You turn into a tree.
Your +2 cloak melds into your body.
Your +0 pair of gloves melds into your body.
Your +0 pair of boots melds into your body.
Your +0 plate armour melds into your body.
Your roots penetrate the ground.
The orc shouts!
The orc warrior shouts!
The crimson imp hits you.
* * * LOW HITPOINT WARNING * * *
The orc warrior hits you with a hand axe of chopping.
* * * LOW HITPOINT WARNING * * *
x2 The orc warrior throws a tomahawk.
The tomahawk hits you but does no damage.
The orc high priest mumbles some strange prayers to Beogh.
The orc sorcerer gestures at you while chanting.
Helpless, you fail to dodge the bolt of fire.
You resist.
You die...

.)..<.#. ###
.))...###.###.## ...
))....##.##....# ....
).)...#........### ....
..........#......##.....
.#.....#..#....(.$#....#
.................#...#
...............#.C...###
...............5♣)o5...#
....############ooo..###
....# #.ooWoo...# ....#


#o3ooooo..# ....# #o3o35oo..# ....# #o4ooooo..# ....# #.oo.53..o# ....#
o.o..o.o... ....# o....4.3.... You could see an orc warlord, 3 orc knights, 3
orc high priests, a sun demon, a hellwing, 2 smoke demons, a ynoxinul, 2 orc
sorcerers, 10 orc warriors, 4 orc priests, 5 orc wizards, IsvaffelMax's ghost, 2
crimson imps, 3 orcs, 2 ufetubi and a friendly cyclops (berserk).

Vanquished Creatures
  A hydra (D:11)
  A catoblepas (Lair:3)
  3 two-headed ogres (D:10)
  3 death yaks (Lair:6)
  The ghost of alkexr the Destroyer, a novice DsFE of Vehumet (D:9)
  A fire crab (Lair:5)
  5 wizards
  An orc knight (Orc:1)
  An ugly thing (D:11)
  3 orc sorcerers (Orc:2)
  6 oklob plants
  The ghost of krfreak the Conjurer, a novice BaAE (D:5)
  4 cyclopes (D:11)
  3 elephants (Lair:5)
  4 black mambas
  18 spiny frogs
  3 rime drakes
  5 komodo dragons
  2 trolls (D:11)
  A queen bee (D:10)
  Grinder (D:4)
  5 tyrant leeches (Lair:6)
  26 blink frogs
  8 hippogriffs
  A shadow (D:8)
  Sigmund (D:4)
  3 basilisks
  Eustachio (D:6)
  30 yaks
  A steam dragon (D:9)
  6 vampire mosquitoes (Lair:6)
  2 wargs (Orc:1)
  11 porcupines
  6 water moccasins
  10 orc warriors
  3 ice beasts
  A hornet zombie (D:5)
  A black bear (D:11)
  2 sky beasts
  A phantom (D:11)
  A necrophage (D:5)
  6 wolves
  3 centaurs
  8 ogres
  25 crocodiles
  Blork the orc (D:6)
  34 bullfrogs
  A gnoll sergeant (D:10)
  A big kobold (D:11)
  A wyvern skeleton (D:8)
  2 scorpions
  21 killer bees (D:10)
  5 wights (D:5)
  7 electric eels
  5 crimson imps
  3 howler monkeys
  A centaur skeleton (D:6)
  2 jellies
  7 hounds
  8 orc priests
  A gnoll shaman (Orc:2)
  10 iguanas
  18 orc wizards
  8 worker ants
  A hound skeleton (D:11)
  A hound zombie (D:6)
  A howler monkey zombie (D:8)
  A worker ant zombie (D:11)
  9 gnolls
  14 adders
  2 shadow imps
  An ooze (D:1)
  2 adder zombies
  An adder skeleton (D:5)
  3 worms
  A dart slug (D:4)
  10 leopard geckos
  53 orcs
  2 bats (D:3)
  4 giant cockroaches
  9 goblins
  6 hobgoblins
  5 jackals
  7 quokkas
  10 frilled lizards
  A jackal zombie (D:8)
  8 kobolds
  A leopard gecko zombie (D:8)
  A quokka zombie (D:8)
  7 rats
  A bush (D:6)
  A butterfly (Lair:4)
  7 fungi
  10 plants
546 creatures vanquished.

Vanquished Creatures (collateral kills)
  2 hydras
  A black mamba (Lair:5)
  A spiny frog (Lair:5)
  A water moccasin (Lair:5)
  3 wolves (Lair:5)
  An electric eel (D:11)
  2 orc priests (Orc:2)
  2 gnolls (D:10)
  A howler monkey skeleton (D:10)
  An orc (Orc:2)
15 creatures vanquished.

Vanquished Creatures (others)
  A swamp drake (D:11)
  A wolf (Lair:3)
  28 fungi
  49 plants
79 creatures vanquished.

Grand Total: 640 creatures vanquished

Notes
Turn   | Place    | Note
-------+----------+-------------------------------------------
     0 | D:1      | Eptagon the Gargoyle Berserker began the quest for the Orb.
     0 | D:1      | Reached XP level 1. HP: 14/14 MP: 1/1
   154 | D:1      | Reached XP level 2. HP: 19/19 MP: 2/2
   474 | D:1      | Reached skill level 3 in Axes
   709 | D:2      | Reached XP level 3. HP: 24/24 MP: 3/3
   772 | D:2      | Reached ** piety under Trog
  1068 | D:2      | Reached XP level 4. HP: 29/29 MP: 4/4
  1296 | D:3      | Found a shadowy altar of Dithmenos.
  1414 | D:3      | Found a sparkling altar of Nemelex Xobeh.
  1530 | D:3      | Found a radiant altar of Vehumet.
  1558 | D:3      | Found a burning altar of Makhleb.
  1775 | D:4      | Noticed Sigmund
  1781 | D:4      | Killed Sigmund
  1781 | D:4      | Reached skill level 4 in Axes
  1781 | D:4      | Reached XP level 5. HP: 34/34 MP: 5/5
  1781 | D:4      | Reached XP level 6. HP: 40/40 MP: 6/6
  1839 | D:4      | Noticed Grinder
  1845 | D:4      | Found an iron altar of Okawaru.
  1865 | D:4      | Killed Grinder
  1865 | D:4      | Reached skill level 5 in Fighting
  1865 | D:4      | Reached skill level 5 in Axes
  1865 | D:4      | Reached XP level 7. HP: 38/44 MP: 7/7
  2298 | D:4      | Reached skill level 5 in Armour
  2446 | D:5      | Entered Level 5 of the Dungeon
  2446 | D:5      | Found Cimop's Antique Armour Shop.
  2452 | D:5      | Reached skill level 6 in Axes
  2452 | D:5      | Reached XP level 8. HP: 49/51 MP: 8/8
  2488 | D:5      | Bought a shiny scale mail for 175 gold pieces
  2504 | D:5      | Found an iron altar of Okawaru.
  2505 | D:5      | Found an opulent altar of Gozag.
  2510 | D:5      | Noticed krfreak's ghost (novice BaAE)
  2531 | D:5      | Killed krfreak's ghost
  2532 | D:5      | Found a hazy altar of Hepliaklqana.
  2556 | D:5      | Found a snail-covered altar of Cheibriados.
  2556 | D:5      | Found a sacrificial altar of Ru.
  2556 | D:5      | Found an ornate altar of the Wu Jian Council.
  2556 | D:5      | Found a glowing golden altar of the Shining One.
  2670 | D:5      | Reached skill level 7 in Axes
  2736 | D:5      | Reached *** piety under Trog
  2745 | D:5      | Found a staircase to the Ecumenical Temple.
  2984 | D:5      | Reached XP level 9. HP: 57/57 MP: 9/9
  3089 | D:5      | Reached skill level 8 in Axes
  3135 | D:6      | Noticed Eustachio
  3145 | D:6      | Killed Eustachio
  3263 | D:6      | Identified the Incunabulum of the Rat
  3476 | D:6      | Found a basalt altar of Yredelemnul.
  3480 | D:6      | Noticed Blork the orc
  3494 | D:6      | Killed Blork the orc
  3606 | D:6      | Reached **** piety under Trog
  4125 | D:7      | Reached skill level 9 in Axes
  4853 | D:8      | Found a glowing silver altar of Zin.
  4862 | D:8      | Reached XP level 10. HP: 64/64 MP: 10/10
  5152 | D:9      | Found Feutym's Assorted Antiques.
  5163 | D:9      | Bought a glowing broad axe for 182 gold pieces
  5163 | D:9      | Bought a scroll labeled FIGI AMMORPH for 26 gold pieces
  5163 | D:9      | Bought a scroll labeled FASMOPSIJO for 26 gold pieces
  5163 | D:9      | Bought a scroll of identify for 52 gold pieces
  5220 | D:9      | Noticed alkexr's ghost (novice DsFE)
  5235 | D:9      | Killed alkexr's ghost
  5235 | D:9      | Reached skill level 10 in Axes
  5251 | D:9      | Reached ***** piety under Trog
  5573 | D:9      | Received a gift from Trog
  5831 | D:10     | Entered Level 10 of the Dungeon
  5836 | D:10     | Noticed a wizard
  5836 | D:10     | Noticed a wizard
  5836 | D:10     | Noticed a wizard
  5841 | D:10     | Noticed a two-headed ogre
  5848 | D:10     | Killed a wizard
  5859 | D:9      | Killed a wizard
  5992 | D:10     | Killed a two-headed ogre
  5992 | D:10     | Reached skill level 11 in Axes
  5992 | D:10     | Reached XP level 11. HP: 72/72 MP: 11/11
  5999 | D:10     | Killed a wizard
  6063 | D:10     | Noticed a wizard
  6067 | D:10     | Killed a wizard
  6067 | D:10     | Reached skill level 10 in Fighting
  6068 | D:10     | Noticed a two-headed ogre
  6072 | D:10     | Killed a two-headed ogre
  6120 | D:10     | Noticed a wizard
  6124 | D:10     | Killed a wizard
  6124 | D:10     | Reached skill level 10 in Armour
  6280 | D:10     | Found a staircase to the Orcish Mines.
  6282 | D:10     | Noticed a seven-headed hydra
  6291 | D:10     | Killed a seven-headed hydra
  6356 | D:10     | Received a gift from Trog
  6393 | D:10     | Noticed a two-headed ogre
  6397 | D:10     | Killed a two-headed ogre
  6739 | D:10     | Reached skill level 12 in Axes
  7287 | D:11     | Noticed a cyclops
  7305 | D:11     | Killed a cyclops
  7373 | D:11     | Reached XP level 12. HP: 75/79 MP: 12/12
  7453 | D:11     | Found a staircase to the Lair.
  7792 | D:11     | Noticed a five-headed hydra
  7808 | D:11     | Killed a 13-headed hydra
  7889 | D:11     | Received a gift from Trog
  8662 | D:11     | Reached skill level 13 in Axes
  8849 | Lair:1   | Entered Level 1 of the Lair of Beasts
  9177 | Lair:1   | Found a blossoming altar of Fedhas.
  9812 | Lair:2   | You fall through a shaft for 2 floors!
 10166 | Lair:4   | Received a gift from Trog
 10212 | Lair:4   | Reached XP level 13. HP: 85/85 MP: 4/13
 10331 | Lair:4   | Received a gift from Trog
 10559 | Lair:4   | Reached skill level 14 in Axes
 10944 | Lair:3   | Found a staircase to the Swamp.
 11047 | Lair:3   | Found a hole to the Spider Nest.
 11948 | Lair:2   | Found a hazy altar of Hepliaklqana.
 11951 | Lair:2   | Received a gift from Trog
 13169 | Lair:6   | Entered Level 6 of the Lair of Beasts
 13439 | Lair:6   | Reached skill level 15 in Axes
 13491 | Lair:6   | Gained mutation: Your large and strong wings let you fly indefinitely. [Gargoyle growth]
 13491 | Lair:6   | Reached XP level 14. HP: 27/92 MP: 4/14
 13546 | Lair:6   | Reached ****** piety under Trog
 13570 | Lair:6   | Received a gift from Trog
 14287 | Lair:6   | Found a staircase to the Slime Pits.
 15727 | Orc:1    | Entered Level 1 of the Orcish Mines
 15888 | Orc:1    | Found a roughly hewn altar of Beogh.
 16058 | Orc:2    | Entered Level 2 of the Orcish Mines
 16059 | Orc:2    | Found a staircase to the Elven Halls.
 16068 | Orc:2    | Received a gift from Trog
 16217 | Orc:2    | Noticed IsvaffelMax's ghost (journeyman OgSu)
 16220 | Orc:2    | Noticed an orc warlord
 16227 | Orc:2    | HP: 4/94 [IsvaffelMax's ghost (3)]
 16229 | Orc:2    | Killed from afar by an orc sorcerer

Vault maps used:
D:1:      dpeg_arrival_shelter
D:3:      lightli_temple_of_fire, nicolae_dithmenos_shadow_blocks,
          vehumet_crystals, nemelex_xobeh_ov_fountains_minmay
D:4:      okawaru_metal_pillars_1_2, uniq_grinder, uniq_sigmund
D:5:      grunt_temple_overflow_open, minmay_temple_entry_trees, serial_shops,
          shop, first_bread
D:6:      basic_altar, corexii_hall_statues_u, kb_lookout_dungeons_type,
          minmay_misc_feat_nine_boxes, uniq_blork_the_orc, uniq_eustachio
D:8:      zin_statuary
D:9:      cheibrodos_helix_gallery, serial_shops, nicolae_shop_trees
D:10:     minmay_smoke_and_mirrors, david_orc_2, david_nohive_1, feat_on_display
D:11:     lemuel_reptile_caves, grunt_lair_entry_orc_guard_hut, minivault_16,
          hangedman_decor_opposing, basic_loot_grate_trap
Lair:1:   basic_altar, patterned_corridor, grunt_megastairs_2,
          serial_bayou_shore_b, infiniplex_staircase_pool_2
Lair:2:   basic_altar
Lair:3:   minmay_swamp_entry_eels, dummy_spider_entry, st_stairs_6,
          serial_bayou_shore_a, minmay_lair_oklob_chamber
Lair:4:   lemuel_fruit_fields, lemuel_fruit_fields
Lair:5:   grunt_megastairs_4, lemuel_fruit_fields
Lair:6:   minmay_lair_end_frog_pond, minmay_slime_entry_oklob_enclosed
Orc:1:    basic_altar
Orc:2:    st_orc_congregation

Skill      XL: |  1  2  3  4  5  6  7  8  9 10 11 12 13 14 |
---------------+-------------------------------------------+-----
Axes           | 3 4 5 6 7 9 11 12 13 15 | 15.9
Fighting       | 4 5 7 8 9 10 11 12 13 | 13.6
Armour         | 3 4 5 6 7 9 10 11 13 | 13.7
Dodging        | |  1.5

Action                   |  1- 3 |  4- 6 |  7- 9 | 10-12 | 13-15 || total
-------------------------+-------+-------+-------+-------+-------++-------
Melee: Hand axe          |   112 |    63 |       |       |       ||   175
       War axe           |       |    23 |   368 |    38 |       ||   429
       Broad axe         |       |       |       |   330 |       ||   330
       Battleaxe         |       |       |       |   222 |   590 ||   812
Invok: Berserk           |       |     2 |     6 |    13 |    14 ||    35
       Trog's Hand       |       |     1 |       |     1 |     3 ||     5
       Burn Spellbooks   |       |       |     1 |     3 |     3 ||     7
       Brothers in Arms  |       |       |       |     2 |     2 ||     4
 Abil: Fly               |       |       |       |       |     1 ||     1
  Use: Scroll            |       |       |     6 |     3 |     7 ||    16
       Potion            |       |       |       |       |     2 ||     2
 Stab: Sleeping          |     2 |       |       |       |       ||     2
       Confused          |       |       |       |     1 |       ||     1
       Petrified         |       |       |       |       |     7 ||     7
       Petrifying        |       |       |       |       |     2 ||     2
  Eat: Chunk             |     1 |     3 |    28 |    32 |    37 ||   101
Armor: Animal skin       |    11 |       |       |       |       ||    11
       Ring mail         |    19 |    41 |    44 |       |       ||   104
       Scale mail        |       |       |   212 |   539 |    42 ||   793
       Plate armour      |       |       |       |       |   415 ||   415
       Skin              |       |       |       |       |     1 ||     1
Dodge: Dodged            |    90 |    45 |   213 |   408 |   238 ||   994
Block: Buckler           |       |       |       |    20 |       ||    20
       Reflection        |       |       |       |     1 |       ||     1
